 Dungeon Crawl Stone Soup version 0.17.0-1-g61d176b (webtiles) character file.

90892 oplop the Impaler (level 16, -4/129 HPs)
             Began as a Merfolk Ice Elementalist on Nov 7, 2015.
             Was a High Priest of Cheibriados.
             Slain by an eight-headed hydra (7 damage)
             ... on level 2 of the Swamp on Nov 8, 2015.
             The game lasted 01:39:17 (29352 turns).

oplop the Impaler (Merfolk Ice Elementalist)       Turns: 29352, Time: 01:39:17

Health: -4/129     AC: 12    Str: 22    XL:     16   Next: 1%
Magic:  2/29       EV: 30    Int: 33    God:    Cheibriados [*****.]
Gold:   2355       SH:  0    Dex: 26    Spells: 8 memorised, 10 levels left

rFire  . . .     SeeInvis +     G - +0 glaive
rCold  + . .     Clarity  .     I - +2 leather armour {rC+}
rNeg   . . .     SustAt   .     (shield currently unavailable)
rPois  +         Gourm    .     (helmet restricted)
rElec  .         Spirit   .     f - +1 cloak
rCorr  .         Warding  .     C - +0 pair of gloves
rMut   .         Rnd*Tele +     x - +2 pair of boots
MR     +....                    D - amulet of faith
Stlth  +++.......               s - +4 ring of intelligence
                                w - ring of poison resistance

@: very slow, somewhat resistant to hostile enchantments, fairly stealthy
A: change form in water, swift swim, antennae 1, see invisible, teleportitis 1
a: Bend Time, Temporal Distortion, Slouch, Step From Time, Renounce Religion


You were on level 2 of the Swamp.
You worshipped Cheibriados.
Cheibriados was extremely pleased with you.
You were not hungry.

You visited 5 branches of the dungeon, and saw 30 of its levels.
You also visited: Sewer and Bailey.

You collected 3098 gold pieces.
You spent 743 gold pieces at shops.

Inventory:

Hand Weapons
 G - a +0 glaive (weapon)
 H - a +0 bardiche
Missiles
 b - 6 poisoned javelins (quivered)
Armour
 f - a +1 cloak (worn)
 x - a +2 pair of boots (worn)
 C - a +0 pair of gloves (worn)
 I - a +2 leather armour of cold resistance (worn)
 V - a +2 helmet
Jewellery
 s - a +4 ring of intelligence (right hand)
 v - an uncursed ring of fire
 w - a ring of poison resistance (left hand)
 y - an uncursed ring of see invisible
 D - an amulet of faith (around neck)
 M - an uncursed amulet of resist mutation
 R - an uncursed ring of protection from cold
 U - an uncursed amulet of resist corrosion
Wands
 m - a wand of digging (7)
 u - a wand of fire (0)
 B - a wand of paralysis (10)
 F - a wand of enslavement (8)
 P - a wand of lightning (1)
 S - a wand of random effects (17)
 W - a wand of paralysis (13)
 X - a wand of paralysis (11)
 Y - a wand of enslavement (9)
Scrolls
 a - 6 scrolls of enchant weapon
 e - 2 scrolls of torment
 g - 4 scrolls of remove curse
 h - 4 scrolls of identify
 j - 3 scrolls of recharging
 k - 3 scrolls of fog
 r - 6 scrolls of teleportation
 A - 3 scrolls of enchant armour
 J - 2 scrolls of amnesia
 K - 2 scrolls of immolation
 L - a scroll of magic mapping
 N - a scroll of blinking
 Q - a scroll of summoning
Potions
 i - a potion of resistance
 l - 3 potions of agility
 n - 4 potions of lignification
 o - 7 potions of flight
 p - 4 potions of heal wounds
 q - 3 potions of magic
 z - 12 potions of curing
 O - 2 potions of brilliance
 T - a potion of cancellation
Books
 t - a book of Power

   Spells                             Type                      Level
   a - Fulminant Prism                Conjuration/Hexes            4
   b - Iskenderun's Mystic Blast      Conjuration                  4
   c - Venom Bolt                     Conjuration/Poison           5
   d - Bolt of Magma                  Conjuration/Fire/Earth       5
   e - Iron Shot                      Conjuration/Earth            6
   f - Orb of Destruction             Conjuration                  7
   g - Spellforged Servitor           Conjuration/Summoning        7
Miscellaneous
 E - a lamp of fire
Comestibles
 c - 14 bread rations
 d - 7 meat rations


   Skills:
 - Level 12.9 Fighting
 + Level 17.6 Polearms
 - Level 4.7 Armour
 - Level 15.9 Dodging
 - Level 2.1 Stealth
 + Level 9.1 Spellcasting
 - Level 3.2 Conjurations
 + Level 4.4 Charms
 - Level 1.4 Summonings
 - Level 9.0 Ice Magic
 - Level 11.0 Invocations


You had 10 spell levels left.
You knew the following spells:

 Your Spells              Type           Power        Failure   Level  Hunger
a - Freeze                Ice            ####         1%          1    None
b - Ozocubu's Armour      Chrm/Ice       ######..     1%          3    None
c - Condensation Shield   Ice            ######....   1%          4    None
d - Throw Frost           Conj/Ice       ######       1%          2    None
e - Summon Ice Beast      Ice/Summ       #####...     4%          4    None
f - Throw Icicle          Conj/Ice       ######..     3%          4    None
g - Cure Poison           Pois           ###.......   8%          2    None
h - Spectral Weapon       Hex/Chrm       ####....     4%          3    None


Dungeon Overview and Level Annotations

Branches:
Dungeon (15/15)            Temple (1/1) D:4            Lair (8/8) D:9
  Swamp (2/4) Lair:4        Snake (0/4) Lair:4        Slime (0/6) Lair:6
    Orc (4/4) D:9             Elf (0/3) Orc:3        Vaults (0/5) D:14
 Depths: D:15

Altars:
Ashenzari
Cheibriados
Dithmenos
Elyvilon
Gozag
Kikubaaqudgha
Makhleb
Nemelex Xobeh
Okawaru
Qazlal
Ru
Sif Muna
Trog
Vehumet
Xom
Yredelemnul
Zin
The Shining One
Beogh

Shops:
D:11 =   D:13 [   Orc:2 =   Orc:4 *=[*=

Annotations:
D:10 exclusion: door
Lair:1 exclusion: hydra
Swamp:2 Aizul


Innate Abilities, Weirdness & Mutations

You revert to your normal form in water.
You are very nimble and swift while swimming.
You have a pair of small antennae on your head.
You have supernaturally acute eyesight.
You are occasionally teleported to nearby monsters.


Message History

The eight-headed hydra completely misses you. x2
The eight-headed hydra barely misses you.
The eight-headed hydra bites you!
* * * LOW HITPOINT WARNING * * *
The eight-headed hydra bites you.
* * * LOW HITPOINT WARNING * * *
Evoke which item? (* to show all) (? for menu, Esc to quit)
Zapping:
P - a wand of lightning (will waste charges)
Press: ? - help, Shift-Dir - straight line, f/p - eight-headed hydra
Aim: an eight-headed hydra (almost dead)
You hear a mighty clap of thunder!
The bolt of lightning misses the eight-headed hydra.
Evoking this partially-identified wand wasted a few charges.
The eight-headed hydra bites you.
* * * LOW HITPOINT WARNING * * *
The eight-headed hydra completely misses you.
The eight-headed hydra bites you.
* * * LOW HITPOINT WARNING * * *
The eight-headed hydra bites you!
You die...

≈≈..≈≈..≈.≈≈≈§.≈.
♣.≈..≈≈≈.≈≈†≈♣≈≈≈.[
♣♣...≈≈D≈.≈≈..≈≈....
...≈≈≈.≈..........♣
♣...(≈.♣♣♣♣.♣♣♣♣.♣♣
♣♣..♣...♣ ♣♣♣ ♣♣♣
♣≈.[♣..♣ ♣≈D♣.♣
♣@..♣ ♣..♣♣ ♣♣♣♣


You could see an eight-headed hydra.

Vanquished Creatures
  Frances (D:14)
  A stone giant (Orc:4)
  Snorg (D:12)
  Josephine (Swamp:1)
  8 hydras
  2 centaur warriors (D:14)
  2 dancing weapons (D:14)
  A catoblepas (Lair:8)
  2 tengu warriors
  3 alligators
  3 orc high priests (Orc:4)
  4 death yaks
  4 spriggans (Swamp:2)
  An unseen horror (D:11)
  2 swamp dragons (Swamp:1)
  4 hill giants
  4 orc sorcerers
  A manticore (D:11)
  6 orc knights
  A cyclops (Orc:4)
  3 griffons
  13 black mambas
  2 centaur zombies
  4 elephants
  A torpor snail (Lair:6)
  20 spiny frogs
  An efreet (D:14)
  5 komodo dragons
  A fire drake (Lair:3)
  6 polar bears (Lair:5)
  A giant leech (Swamp:2)
  5 trolls
  A bog body (Swamp:2)
  5 slime creatures (Swamp:2)
  23 blink frogs
  A boulder beetle (Lair:8)
  A water elemental (D:11)
  5 wraiths
  A trapdoor spider (D:11)
  5 wyverns
  3 deep elf magi
  36 yaks
  4 basilisks
  10 hippogriffs
  A hungry ghost (D:12)
  A vampire mosquito (D:8)
  5 swamp worms
  17 wolves
  A soldier ant (D:10)
  3 insubstantial wisps (Swamp:2)
  4 wargs (Orc:1)
  13 water moccasins
  5 porcupines
  5 sky beasts
  23 orc warriors
  2 swamp drakes (Swamp:1)
  10 ogres
  An eye of draining (D:14)
  7 crocodiles
  12 centaurs
  4 wasps (Swamp:2)
  13 big kobolds
  15 giant frogs
  11 killer bees
  3 scorpions
  10 wights
  10 electric eels
  5 crimson imps
  4 jellies
  3 hounds
  25 orc priests
  33 orc wizards
  4 centaur skeletons
  6 iguanas
  Terence (D:2)
  4 hell rats (Lair:5)
  8 worker ants
  A killer bee zombie (D:9)
  28 sheep
  A hound zombie (D:10)
  A hound skeleton (D:3)
  3 gnolls (D:6)
  16 adders
  55 river rats
  4 shadow imps
  12 white imps (Lair:4)
  5 oozes
  An adder zombie (D:8)
  3 worms
  8 giant geckos
  163 orcs
  11 bats
  8 giant cockroaches
  5 hobgoblins
  12 jackals
  24 kobolds
  5 quokkas
  4 ball pythons
  3 giant newts
  8 goblins
  A jackal zombie (D:6)
  12 rats
872 creatures vanquished.

Vanquished Creatures (collateral kills)
  Rupert (Lair:8)
  6 hydras
  A tengu warrior (D:14)
  A swamp dragon (Swamp:2)
  A hill giant (D:11)
  3 orc knights
  A cyclops (D:10)
  4 elephants
  Psyche (D:9)
  A torpor snail (Lair:5)
  2 spiny frogs
  3 trolls
  A blink frog (Lair:7)
  2 wyverns
  17 yaks
  7 wolves
  2 hungry ghosts
  A warg (Orc:1)
  3 hippogriffs
  3 porcupines
  An ice beast (D:9)
  10 orc warriors
  A sky beast (D:11)
  A swamp drake (Swamp:2)
  An ogre (D:11)
  3 crocodiles
  3 giant frogs
  A big kobold (D:8)
  3 wights (D:9)
  7 killer bees
  A crimson imp (D:8)
  An iguana (D:8)
  2 orc priests (D:10)
  5 hounds
  2 orc wizards
  6 sheep
  A hound skeleton (D:9)
  An adder (Lair:4)
  6 river rats (Lair:5)
  13 orcs
  A ball python (Lair:4)
  A giant cockroach (D:8)
132 creatures vanquished.

Vanquished Creatures (others)
  A water elemental (D:11)
  2 orc warriors (Bailey)
  An orc wizard (D:7)
  13 fungi
  15 plants
32 creatures vanquished.

Grand Total: 1036 creatures vanquished

Notes
Turn   | Place    | Note
--------------------------------------------------------------
     0 | D:1      | oplop the Merfolk Ice Elementalist began the quest for the Orb.
     0 | D:1      | Reached XP level 1. HP: 13/13 MP: 3/3
   209 | D:1      | Reached XP level 2. HP: 8/19 MP: 3/5
   622 | D:1      | Reached skill level 1 in Polearms
   731 | D:1      | Reached XP level 3. HP: 11/24 MP: 4/6
  1546 | D:2      | Reached XP level 4. HP: 30/30 MP: 8/8
  1585 | D:2      | Noticed Terence
  1592 | D:2      | Killed Terence
  1613 | D:2      | Reached skill level 4 in Ice Magic
  1827 | D:3      | Found a burning altar of Makhleb.
  1848 | D:3      | Reached XP level 5. HP: 35/35 MP: 5/9
  2011 | D:3      | Found a shadowy altar of Dithmenos.
  2539 | D:3      | Reached XP level 6. HP: 25/41 MP: 0/11
  2545 | D:3      | Learned a level 3 spell: Ozocubu's Armour
  2550 | D:3      | Learned a level 4 spell: Condensation Shield
  3324 | D:4      | Found a staircase to the Ecumenical Temple.
  3329 | Temple   | Entered the Ecumenical Temple
  3752 | D:4      | Reached skill level 5 in Ice Magic
  3892 | D:4      | Reached XP level 7. HP: 20/46 MP: 0/13
  4041 | D:5      | Entered Level 5 of the Dungeon
  4128 | D:5      | Found a shattered altar of Ashenzari.
  4307 | D:5      | Found an opulent altar of Gozag.
  4356 | D:5      | Gained mutation: You possess an exceptional clarity of mind. [potion of beneficial mutation]
  4465 | D:5      | Found a glowing drain.
  4474 | Sewer    | Entered a sewer
  4582 | Sewer    | Reached skill level 5 in Dodging
  4602 | Sewer    | Reached skill level 6 in Ice Magic
  4662 | Sewer    | Reached skill level 5 in Polearms
  4666 | Sewer    | Reached skill level 5 in Spellcasting
  4666 | Sewer    | Reached XP level 8. HP: 40/52 MP: 6/15
  4978 | Sewer    | Reached skill level 7 in Ice Magic
  5171 | D:5      | Learned a level 2 spell: Throw Frost
  5609 | D:6      | Learned a level 4 spell: Summon Ice Beast
  5833 | D:6      | Got a slimy robe
  5844 | D:6      | Identified the +0 robe of Patterns {SInv} (You found it on level 6 of the Dungeon)
  5882 | D:6      | Reached XP level 9. HP: 49/57 MP: 13/18
  6191 | D:6      | Reached skill level 1 in Summonings
  6405 | D:7      | Reached skill level 8 in Ice Magic
  7347 | D:8      | Reached skill level 1 in Fighting
  7412 | D:8      | Noticed a yaktaur captain
  7622 | Temple   | Became a worshipper of Cheibriados the Contemplative
  7804 | D:8      | Found a deep blue altar of Sif Muna.
  7954 | D:9      | Noticed Psyche
  8156 | D:9      | Reached skill level 9 in Ice Magic
  8156 | D:9      | Reached XP level 10. HP: 61/70 MP: 12/21
  8230 | D:9      | Reached * piety under Cheibriados
  8238 | D:9      | Learned a level 4 spell: Throw Icicle
  8245 | D:9      | Found a staircase to the Orcish Mines.
  8272 | D:9      | Reached skill level 1 in Conjurations
  8918 | D:9      | Killed Psyche
  8931 | D:9      | Reached skill level 1 in Invocations
  9291 | D:9      | Found a staircase to the Lair.
  9634 | D:10     | Entered Level 10 of the Dungeon
  9664 | D:10     | Reached ** piety under Cheibriados
  9890 | D:10     | Noticed a hill giant
 10008 | D:10     | Noticed a cyclops
 10041 | D:10     | Killed a cyclops
 10140 | D:10     | Identified a scroll of acquirement
 10141 | D:10     | Got a warped shortbow
 10464 | D:10     | Reached skill level 5 in Fighting
 10666 | D:10     | Reached *** piety under Cheibriados
 10903 | D:11     | Reached XP level 11. HP: 73/80 MP: 14/22
 10920 | D:11     | Learned a level 2 spell: Cure Poison
 10920 | D:11     | Found a flagged portal.
 10942 | D:11     | Found Likijyg's Jewellery Boutique.
 10975 | Bailey   | Entered a bailey
 10975 | Bailey   | Noticed an orc knight
 10976 | Bailey   | Noticed an orc knight
 10996 | Bailey   | Killed an orc knight
 11085 | Bailey   | Killed an orc knight
 11180 | Bailey   | Reached skill level 10 in Dodging
 11316 | Bailey   | Reached **** piety under Cheibriados
 11421 | D:11     | Noticed a hill giant
 11449 | D:11     | Noticed a manticore
 11465 | D:11     | Killed a manticore
 11706 | D:11     | Noticed an unseen horror
 11709 | D:11     | Killed an unseen horror
 11709 | D:11     | Reached skill level 5 in Invocations
 11904 | D:11     | Killed a hill giant
 11904 | D:11     | Reached skill level 10 in Polearms
 12125 | Lair:1   | Entered Level 1 of the Lair of Beasts
 12167 | Lair:1   | Noticed an eight-headed hydra
 12283 | Lair:1   | Reached ***** piety under Cheibriados
 12522 | Lair:1   | Reached skill level 11 in Dodging
 13218 | Lair:2   | Reached XP level 12. HP: 91/91 MP: 10/23
 14246 | Lair:3   | Noticed a four-headed hydra
 14254 | Lair:3   | Killed a four-headed hydra
 14372 | Lair:3   | Reached skill level 12 in Dodging
 15055 | Lair:4   | Found a staircase to the Swamp.
 15245 | Lair:4   | Found a staircase to the Snake Pit.
 16088 | Lair:5   | Noticed a four-headed hydra
 16095 | Lair:5   | Killed a four-headed hydra
 16095 | Lair:5   | Reached skill level 13 in Polearms
 16095 | Lair:5   | Reached XP level 13. HP: 99/101 MP: 5/24
 16362 | Lair:5   | Reached ****** piety under Cheibriados
 17483 | Lair:6   | Found a staircase to the Slime Pits.
 17544 | Lair:6   | Reached skill level 10 in Fighting
 17942 | Lair:6   | Reached skill level 14 in Polearms
 18369 | Lair:7   | Reached skill level 10 in Invocations
 18837 | Lair:7   | Reached XP level 14. HP: 113/113 MP: 16/25
 19279 | Lair:8   | Entered Level 8 of the Lair of Beasts
 19482 | Lair:8   | Reached skill level 15 in Polearms
 19975 | Lair:8   | Noticed Rupert
 20105 | Lair:8   | Killed Rupert
 20526 | Lair:8   | Reached skill level 1 in Armour
 21109 | Lair:1   | Lost mutation: You possess an exceptional clarity of mind. [potion of cure mutation]
 21112 | Lair:1   | Gained mutation: You have supernaturally acute eyesight. [potion of mutation]
 21112 | Lair:1   | Gained mutation: You are occasionally teleported to nearby monsters. [potion of mutation]
 21112 | Lair:1   | Gained mutation: You have a pair of small antennae on your head. [potion of mutation]
 21582 | D:12     | Found a roughly hewn altar of Beogh.
 21692 | D:12     | Noticed Snorg
 21706 | D:12     | Killed Snorg
 22272 | D:12     | Reached skill level 15 in Dodging
 22456 | D:13     | Found Gizxaxisch's Armour Shop.
 22474 | D:13     | Bought a +2 leather armour of cold resistance for 342 gold pieces
 22977 | D:14     | Reached skill level 16 in Polearms
 23435 | D:14     | Reached XP level 15. HP: 99/121 MP: 26/26
 23522 | D:14     | Noticed Frances
 23542 | D:14     | Killed Frances
 23659 | D:14     | Found a gate to the Vaults.
 24045 | D:15     | Entered Level 15 of the Dungeon
 24139 | D:12     | Got a pair of spiked boots
 24150 | D:12     | Identified the -6 pair of boots of Gemavuynt {*Confuse Int+7 Slay+3} (You acquired it on level 12 of the Dungeon)
 24162 | D:12     | Got a bone halberd
 24163 | D:12     | Identified the +1 halberd of the Heavens {pain, rPois rC+ Int+2} (You acquired it on level 12 of the Dungeon)
 24346 | Orc:1    | Entered Level 1 of the Orcish Mines
 25011 | Orc:2    | Found a roughly hewn altar of Beogh.
 25391 | Orc:2    | Found Dotaozun's Jewellery Shop.
 25732 | Orc:3    | Found a staircase to the Elven Halls.
 26005 | Orc:4    | Entered Level 4 of the Orcish Mines
 26041 | Orc:4    | Found a roughly hewn altar of Beogh.
 26531 | Orc:4    | Found Netiw's Jewellery Emporium.
 27336 | Orc:4    | Found Uqouvo's Jewellery Boutique.
 27336 | Orc:4    | Found Haejuwun's Assorted Antiques.
 27338 | Orc:4    | Found Amumom's General Store.
 27338 | Orc:4    | Found Wupp's Armour Shoppe.
 27350 | Orc:4    | Bought a scroll of teleportation for 54 gold pieces
 27352 | Orc:4    | Bought a +1 cloak for 195 gold pieces
 27358 | Orc:4    | Bought a scroll of identify for 32 gold pieces
 27358 | Orc:4    | Bought a scroll of enchant weapon for 120 gold pieces
 27548 | Lair:1   | Learned a level 3 spell: Spectral Weapon
 27611 | Swamp:1  | Entered Level 1 of the Swamp
 27882 | Swamp:1  | Noticed Aizul
 27911 | Swamp:1  | Noticed Josephine
 27927 | Swamp:1  | Reached skill level 17 in Polearms
 27927 | Swamp:1  | Reached skill level 1 in Charms
 27937 | Swamp:1  | Killed Josephine
 29151 | Swamp:2  | Reached XP level 16. HP: 89/129 MP: 25/29
 29352 | Swamp:2  | HP: 6/129 [eight-headed hydra (3)]
 29352 | Swamp:2  | Slain by an eight-headed hydra

Action                   |  1- 3 |  4- 6 |  7- 9 | 10-12 | 13-15 | 16-18 || total
-------------------------+-------+-------+-------+-------+-------+-------++-------
Melee: Unarmed           |     4 |       |       |       |       |       ||     4
       Short sword       |     4 |       |       |       |       |       ||     4
       Spear             |   105 |   114 |   134 |       |       |       ||   353
       Halberd           |       |       |   146 |   237 |       |       ||   383
       Glaive            |       |       |       |   390 |  1428 |    38 ||  1856
       Bardiche          |       |       |       |       |    19 |       ||    19
Throw: Javelin           |       |       |       |    10 |    32 |       ||    42
 Cast: Freeze            |    32 |    70 |   148 |    39 |    19 |       ||   308
       Ozocubu's Armour  |       |     3 |    22 |    58 |    94 |     1 ||   178
       Condensation Shie |       |     3 |     6 |    46 |    88 |     1 ||   144
       Throw Frost       |       |       |    18 |    27 |     4 |       ||    49
       Summon Ice Beast  |       |       |    22 |    84 |    88 |     4 ||   198
       Throw Icicle      |       |       |       |    20 |    28 |     4 ||    52
       Cure Poison       |       |       |       |     4 |     2 |     2 ||     8
Invok: Slouch            |       |       |       |     5 |    33 |       ||    38
       Bend Time         |       |       |       |       |     9 |       ||     9
       Step From Time    |       |       |       |       |     3 |       ||     3
       Temporal Distorti |       |       |       |       |     3 |       ||     3
Evoke: Wand              |       |       |       |     4 |     9 |     1 ||    14
  Use: Potion            |       |     3 |     1 |     3 |    11 |       ||    18
       Scroll            |       |     4 |    10 |    10 |    16 |     1 ||    41
 Stab: Sleeping          |     6 |     8 |     6 |    14 |    19 |       ||    53
       Distracted        |     1 |       |     3 |     4 |    28 |     1 ||    37
       Petrifying        |       |       |       |       |     1 |       ||     1
  Eat: Chunk             |     3 |     5 |    13 |    11 |    18 |       ||    50
       Beef jerky        |       |     1 |     1 |     2 |     2 |       ||     6
       Royal jelly       |       |     1 |       |     1 |       |       ||     2
       Pizza             |       |       |     1 |     2 |       |       ||     3
       Meat ration       |       |       |       |       |     2 |     1 ||     3
